details: 'fckingretard'

« prev index next »

General information

Mini Map

Players

team 1
OrcOkThanks (red | 230 APM | 6098 actions | 26:30)
Hero icon 4 Firelord
Ability icon 2 Summon Lava Spawn
Ability icon 2 Soul Burn
Hero icon 3 Goblin Tinker
Ability icon 1 Pocket Factory
Ability icon 2 Engineering Upgrade

» actions
Assign group hotkey56
Basic commands108
Build / train91
ESC pressed1
Enter build submenu19
Enter hero's abilities submenu7
Give item / drop item6
Right click2449
Select / deselect642
Select group hotkey2576
Use ability143
6098 total
» units
Peon14
Grunt8
Demolisher4
Wind Rider8
Troll Witch Doctor7
Troll Batrider4
45 total
» upgrades
Pillage1
Backpack1
Witch Doctor Training2
Burning Oil1
Envenomed Spears1
Ranged Weapons1
7 total
» buildings
Barracks1
Orc Burrow6
Altar of Storms1
War Mill1
Voodoo Lounge1
Stronghold1
Watch Tower4
Fortress2
Spirit Lodge1
Beastiary2
Great Hall1
21 total
» build order
00:07 Barracks
00:19 Orc Burrow
01:00 Altar of Storms
01:47 Orc Burrow
02:34 War Mill
03:05 Voodoo Lounge
05:12 Stronghold
05:24 Orc Burrow
05:39 Watch Tower
06:08 Orc Burrow
08:53 Fortress
08:53 Fortress
09:16 Orc Burrow
11:06 Spirit Lodge
11:08 Beastiary
11:56 Watch Tower
13:00 Watch Tower
13:04 Watch Tower
18:20 Beastiary
21:08 Great Hall
22:03 Orc Burrow
» items
Boots of Speed2
Scroll of Speed2
Lesser Clarity Potion6
Healing Salve3
Scroll of Town Portal5
Orb of Lightning1
Potion of Healing2
21 total
team 2
Random» UndeadPoopyDad12314 (orange | 167 APM | 4440 actions | 26:31)
Hero icon 4 Death Knight
Ability icon 2 Death Coil
Ability icon 2 Unholy Aura
Hero icon 3 Lich
Ability icon 2 Frost Nova
Ability icon 1 Frost Armor

» actions
Assign group hotkey32
Basic commands155
Build / train62
ESC pressed2
Enter build submenu23
Enter hero's abilities submenu7
Give item / drop item1
Right click2474
Select / deselect680
Select group hotkey892
Use ability112
4440 total
» units
Acolyte4
Ghoul6
Crypt Fiend14
Frost Wyrm3
27 total
» upgrades
Creature Carapace2
Burrow1
Creature Attack2
Web1
6 total
» buildings
Crypt5
Graveyard1
Altar of Darkness1
Ziggurat8
Tomb of Relics4
Nerubian Tower1
Halls of the Dead2
Black Citadel1
Spirit Tower4
Sacrificial Pit1
Boneyard1
29 total
» build order
00:06 Crypt
00:11 Graveyard
00:33 Altar of Darkness
00:52 Ziggurat
01:55 Ziggurat
02:08 Tomb of Relics
02:43 Nerubian Tower
02:51 Tomb of Relics
04:20 Halls of the Dead
05:20 Ziggurat
05:21 Ziggurat
06:06 Tomb of Relics
07:58 Ziggurat
08:37 Black Citadel
09:38 Spirit Tower
11:20 Ziggurat
11:29 Ziggurat
11:56 Spirit Tower
12:19 Crypt
12:21 Crypt
12:25 Spirit Tower
12:41 Crypt
12:43 Crypt
12:48 Spirit Tower
14:21 Tomb of Relics
15:03 Sacrificial Pit
19:03 Boneyard
20:52 Ziggurat
» items
Rod of Necromancy2
Orb of Corruption1
Potion of Healing1
Potion of Mana3
Scroll of Town Portal2
Scroll of Healing3
12 total